 Dungeon Crawl Stone Soup version 0.29.1-1-gd02db69 (webtiles) character file.

Game seed: 18143882836821916671

67 bonegar the Slasher (level 4, -3/37 HPs)
             Began as a Meteoran Wanderer on Mar 14, 2023.
             Slain by Grinder (4 damage)
             ... on level 4 of the Dungeon.
             The game lasted 00:13:47 (1557 turns).

bonegar the Slasher (Meteoran Wanderer)             Turns: 1557, Time: 00:13:47

Health: -3/37      AC: 12    Str: 11    XL:     4   Next: 65%
Magic:  7/7        EV:  2    Int: 13    God:
Gold:   71         SH:  0    Dex: 18    Spells: 3/6 levels left

rFire   . . .      SeeInvis .   b - +0 falchion
rCold   . . .      Faith    .   (no shield)
rNeg    . . .      Spirit   .   l - +0 plate armour
rPois   .          Reflect  .   v - +0 helmet
rElec   .          Harm     .   (no cloak)
rCorr   .          Rampage  .   (no gloves)
Will    .....                   c - +0 pair of boots
Stlth   ..........              (no amulet)
HPRegen 0.12/turn               (no ring)
MPRegen 0.10/turn               (no ring)

@: mighty, hasted, glowing, very quick
A: sense surroundings 1, otherworldly, glowing, explore regen
a: no special abilities


You were on level 4 of the Dungeon.
You visited 1 branch of the dungeon, and saw 4 of its levels.

You collected 71 gold pieces.

Inventory:

Hand Weapons
 a - a +2 sling
 b - a +0 falchion (weapon)
Missiles
 p - 5 curare-tipped darts (quivered)
Armour
 c - a +0 pair of boots (worn)
 e - a +0 robe
 f - a +0 leather armour
 l - a +0 plate armour (worn)
 t - a +0 pair of boots
 v - a +0 helmet (worn)
Magical Staves
 n - a staff of poison
Scrolls
 g - 2 scrolls of magic mapping
 h - 2 scrolls of poison
 k - 2 scrolls of enchant weapon
 m - a scroll of noise {unknown}
 q - a scroll of enchant armour {unknown}
 u - a scroll of amnesia {unknown}
 w - a scroll of teleportation {unknown}
Potions
 d - a potion of haste
 i - a potion of attraction {unknown}
 j - a potion of brilliance {unknown}
 o - 2 potions of curing {unknown}
 r - 2 potions of might
 s - a potion of invisibility {unknown}


   Skills:
 + Level 2.8 Fighting
 + Level 5.1 Long Blades
 + Level 2.3 Ranged Weapons
 + Level 0.1 Throwing
 + Level 1.5 Armour
 + Level 1.3 Dodging
 + Level 1.6 Spellcasting


You had 3 spell levels left.
You knew the following spells:

 Your Spells              Type           Power      Damage    Failure   Level
a - Ozocubu's Armour      Ice            1%         N/A       100%        3

Your spell library contained the following spells:

 Spells                   Type           Power      Damage    Failure   Level
 Ozocubu's Refrigeration  Ice            0%         4d7       100%        7


Dungeon Overview and Level Annotations

Branches:
Dungeon (4/15) Zot: 840
 Temple: D:4-7

Altars:

Shops:
D:2 (

Annotations:
D:4 Grinder


Innate Abilities, Weirdness & Mutations

You passively map a small area around you.
You are easily found by Zot.
You glow in the dark.
You regain HP and MP as you explore.


Message History

You aren't wearing any rings or amulets.
You feel yourself speed up. The gnoll hits you but does no damage.
The goblin barely misses you.
It was a potion of might.
You feel very mighty all of a sudden. The goblin hits you but does no damage.
You slash the gnoll!
You kill the gnoll!
The gnoll barely misses you. The gnoll completely misses you.
The goblin hits you but does no damage.
You barely miss the gnoll. You hit the gnoll.
The gnoll is lightly wounded.
The gnoll hits you with a +0 whip. The gnoll hits you but does no damage.
The goblin hits you but does no damage.
You completely miss the gnoll.
The gnoll is lightly wounded.
The gnoll hits you but does no damage. The gnoll hits you with a +0 whip.
The orc hits you but does no damage.
You slash the goblin!
You kill the goblin!
You barely miss the goblin. The gnoll hits you with a +0 whip.
The gnoll hits you but does no damage. The orc hits you but does no damage.
The goblin unwields a +0 sling.
The goblin wields a +0 dagger.
The goblin hits you but does no damage.
You hit the goblin.
You kill the goblin!
The gnoll hits you but does no damage. x2; Grinder blinks!
The orc hits you from afar with a +0 trident.
You completely miss Grinder. You hit Grinder.
Grinder is lightly wounded.
The gnoll hits you but does no damage. x2; The gnoll hits you with a +0 whip.
Grinder says, "Just stop there for a second..."
Grinder gestures at you. Pain shoots through your body!
* * * LOW HITPOINT WARNING * * *
The orc hits you but does no damage. Grinder hits you.
You die... 8

,#........ , , ,,
+........ , , #..#.#..g
,, , , , #.?....#. * , ,
,, ,*#.#.#.#.. , ,,, ,,
+........ , ###
#+###########.o#.#... * *
#..##.##..##...##g.......
#..<...........@gg.......
#...............5>..#....
*
#..............##...##..#
*
#..............##...#*..#
#.<).......†....#.....,.#
#.....(.........#......
#...............+.......
########################
^ , *


You could see Grinder, 3 gnolls and an orc.

Vanquished Creatures
  A gnoll (D:4)
  An adder (D:2)
  A dart slug (D:2)
  4 orcs (D:3)
  5 endoplasms
  A giant cockroach (D:4)
  5 goblins
  4 hobgoblins
  4 kobolds
  A quokka (D:3)
  2 ball pythons
  6 bats
  A frilled lizard (D:3)
  3 rats
39 creatures vanquished.

Notes
Turn   | Place    | Note
-------+----------+-------------------------------------------
     0 | D:1      | bonegar the Meteoran Wanderer began the quest for the Orb.
     0 | D:1      | bonegar set off with the following items: a +2 sling, a +0
                  | falchion, a +0 pair of boots, a potion of haste, a +0 robe.
     0 | D:1      | Reached XP level 1. HP: 17/17 MP: 3/3
   131 | D:1      | Reached skill level 4 in Long Blades
   131 | D:1      | Reached XP level 2. HP: 20/24 MP: 5/5
   145 | D:1      | Found a faded altar of an unknown god.
   497 | D:1      | Glimpsed the power of Zot.
   547 | D:1      | Glimpsed the power of Zot.
   612 | D:2      | Found Ynisoz's Weapon Boutique.
   627 | D:2      | Reached XP level 3. HP: 24/29 MP: 6/6
   981 | D:2      | Learned a level 3 spell: Ozocubu's Armour
  1116 | D:3      | Reached XP level 4. HP: 37/37 MP: 7/7
  1229 | D:3      | Reached skill level 5 in Long Blades
  1533 | D:4      | Noticed Grinder
  1556 | D:4      | HP: 1/37 [Grinder/nerve-wracking pain (14)]
  1557 | D:4      | Slain by Grinder

Illustrated notes

Levels and vault maps discovered:
D:1:      arrival_zaba_pyramid, layout_basic,
          hellmonk_ecumenical_altar_leap_of_faith
D:2:      layout_rooms, serial_shops, nicolae_shop_stone, serial_aquarium,
          aquarium_bridge_square [aquarium_subvault_bridge,
          aquarium_subvault_wall, aquarium_subvault_bridge,
          aquarium_subvault_window], aquarium_window_fake, aquarium_window_2,
          aquarium_window_fake, aquarium_window_double, aquarium_view_2c,
          aquarium_view_2d, aquarium_pool_corner, lightli_corner_chamber
D:3:      layout_basic, grunt_decor_arrowhead, nrook_mini_vaults,
          dk_noncrumbling_3
D:4:      kennysheep_the_goblin_king, layout_gridville, cheibriados_altar_1,
          nicolae_ru_the_path_less_chosen, hex_tiny, nicolae_stop_n_shop_1,
          uniq_pikel, uniq_grinder

Skill      XL: |  1  2  3  4 |
---------------+-------------+-----
Long Blades    | 4 5 |  5.1
Fighting       | |  2.8
Ranged Weapons | |  2.3
Throwing       | |  0.1
Armour         | |  1.5
Dodging        | |  1.3
Spellcasting   | |  1.6

Action                   |  1- 3 |  4- 6 || total
-------------------------+-------+-------++-------
Melee: Falchion          |    73 |    30 ||   103
       Punch             |     2 |       ||     2
Throw: Stone             |     6 |       ||     6
       Dart              |     3 |     5 ||     8
  Use: Scroll            |     3 |       ||     3
       Potion            |       |     2 ||     2
Armor: Robe              |     7 |       ||     7
       Plate armour      |    40 |    54 ||    94
Dodge: Dodged            |    13 |     6 ||    19
